 Dungeon Crawl Stone Soup version 0.25-a0-200-g5ba9614 (webtiles) character file.

Game seed: 4624829415792982871, levelgen mode: deterministic

465 Firecrotchwizard the Skirmisher (level 7, 0/75 HPs)
             Began as an Ogre Berserker on Dec 1, 2019.
             Was a Believer of Trog.
             Succumbed to a killer bee's poison
             ... on level 4 of the Dungeon.
             The game lasted 00:07:13 (4652 turns).

Firecrotchwizard the Skirmisher (Ogre Berserker)    Turns: 4652, Time: 00:07:14

Health: 0/75       AC:  5    Str: 24    XL:     7   Next: 8%
Magic:  7/7        EV: 11    Int:  8    God:    Trog [**....]
Gold:   37         SH:  0    Dex: 11    Spells: 6/6 levels left

rFire    + . .     SeeInvis .   n - +0 flail
rCold    . . .     Gourm    .   (no shield)
rNeg     . . .     Faith    .   t - +2 robe {rF+}
rPois    .         Spirit   .   (helmet restricted)
rElec    .         Reflect  .   (no cloak)
rCorr    .         Harm     .   (gloves unavailable)
MR       .....                  (boots unavailable)
Stlth    +.........             (no amulet)
HPRegen  0.22/turn              h - +3 ring of dexterity
MPRegen  0.10/turn              (no ring)

@: lethally poisoned (0 -> -9), berserk cooldown, slowed, very slow
A: large, unfitting armour, tough skin 1
a: Berserk, Trog's Hand, Renounce Religion


You were on level 4 of the Dungeon.
You worshipped Trog.
Trog was pleased with you.
You were very hungry.

You visited 1 branch of the dungeon, and saw 4 of its levels.

You collected 191 gold pieces.
You spent 154 gold pieces at shops.

Inventory:

Hand Weapons
 a - a +0 mace
 n - a +0 flail (weapon)
   (You took it off an orc on level 3 of the Dungeon)
Armour
 b - a +0 animal skin
 p - a +0 cloak
   (You found it on level 3 of the Dungeon)
 t - a +2 robe of fire resistance (worn)
   (You bought it in a shop on level 4 of the Dungeon)
 u - a +1 robe of magic resistance
   (You bought it in a shop on level 4 of the Dungeon)
Jewellery
 h - a +3 ring of dexterity (left hand)
   (You found it on level 1 of the Dungeon)
Wands
 q - a wand of flame (28)
   (You took it off Ijyb on level 3 of the Dungeon)
Scrolls
 d - 3 scrolls of remove curse {unknown}
 e - 7 scrolls of identify {unknown}
 f - 2 scrolls of blinking {unknown}
 j - a scroll of teleportation {unknown}
 k - 3 scrolls of enchant armour {unknown}
 o - a scroll of fear {unknown}
 r - a scroll of magic mapping {unknown}
Potions
 g - a potion of might {unknown}
 l - 2 potions of heal wounds
 m - a potion of curing
 s - a potion of brilliance {unknown}
Comestibles
 c - 5 rations
 i - 4 chunks of flesh {@w0}


   Skills:
 + Level 6.1 Fighting
 * Level 5.4 Maces & Flails
 + Level 4.2 Dodging


You had 6 spell levels left.
You didn't know any spells.
Your spell library was empty.

Dungeon Overview and Level Annotations

Branches:
Dungeon (4/15)
 Temple: D:4-7

Altars:
Dithmenos
Makhleb

Shops:
D:4 [


Innate Abilities, Weirdness & Mutations

You are too large for most types of armour.
You have tough skin. (AC +1)


Message History

Things that are here:
a +0 flail; a +0 ring mail; an orc corpse You butcher the orc corpse.
i - 5 chunks of flesh {@w0} (gained 4)
Things that are here:
a +0 flail; a +0 ring mail; an orc skeleton Some of the chunks of flesh in your inventory have rotted away.
Found a stone staircase leading down.
You regained 6 hp, and now have 66/67 hp.
Found an escape hatch in the ceiling.
The killer bee buzzes angrily.
The killer bee is too close now for your liking.
Health restored: 67 The killer bee barely misses you.
The killer bee stings you but does no damage.
The killer bee buzzes angrily.
The killer bee barely misses you. The killer bee misses you.
The killer bee barely misses you.
You barely miss the killer bee. The killer bee stings you.
The killer bee closely misses you.
You take 4 damage, and have 63/67 hp.
You barely miss the killer bee.
The killer bee stings you but does no damage.
The killer bee stings you!
You take 7 damage, and have 56/67 hp.
You barely miss the killer bee. The killer bee closely misses you.
The killer bee stings you!
You take 7 damage, and have 49/67 hp.
A red film seems to cover your vision as you go berserk!
You feel yourself moving faster!
You feel mighty!
You are feeling hungry.
The killer bee closely misses you. The killer bee misses you.
You now have 74/100 hp.
You barely miss the killer bee.
The killer bee stings you but does no damage. x2
You barely miss the killer bee. The killer bee stings you!
You are poisoned.
The killer bee poisons you! The killer bee stings you.
You take 11 damage, and have 63/100 hp.
You are feeling very hungry.
You barely miss the killer bee.
You feel sick. The killer bee stings you.
You take 6 damage, and have 57/100 hp.
You miss the killer bee. The killer bee stings you.
You take 2 damage, and have 55/100 hp.
You barely miss the killer bee.
You feel sick. The killer bee stings you. The killer bee misses you.
You take 2 damage, and have 53/100 hp.
Unknown command.
You closely miss the killer bee.
The killer bee stings you but does no damage.
You closely miss the killer bee. The killer bee stings you. x2
You take 6 damage, and have 47/100 hp.
You bludgeon the killer bee!!
You kill the killer bee!
Trog accepts your kill.
Your Fighting skill increases to level 6!
You feel sick. The killer bee completely misses you.
You miss the killer bee. The killer bee closely misses you.
You closely miss the killer bee.
You feel sick.
The killer bee stings you but does no damage.
The killer bee stings you.
You take 2 damage, and have 45/100 hp.
You miss the killer bee. The killer bee stings you.
You take 4 damage, and have 41/100 hp.
You thump the killer bee! The killer bee misses you.
The killer bee barely misses you.
You completely miss the killer bee. The killer bee closely misses you.
You thump the killer bee!
You kill the killer bee!
Trog accepts your kill.
You have reached level 7!
You are no longer berserk.
You are exhausted.
You feel yourself slow down.
You feel sick. The killer bee stings you.
You now have 26/75 hp.
You miss the killer bee. The killer bee stings you.
* * * LOW HITPOINT WARNING * * *
You are more poisoned.
The killer bee poisons you! The killer bee closely misses you.
The killer bee stings you.
* * * LOW HITPOINT WARNING * * *
You take 8 damage, and have 18/75 hp.
You miss the killer bee.
You feel sick. The killer bee closely misses you. The killer bee stings you!
* * * LOW HITPOINT WARNING * * *
The killer bee stings you!
* * * LOW HITPOINT WARNING * * *
You are more poisoned.
The killer bee poisons you!
You take 15 damage, and have 3/75 hp.
You closely miss the killer bee.
* * * LOW HITPOINT WARNING * * *
You feel sick. The killer bee misses you. The killer bee closely misses you.
The killer bee barely misses you. x2
You take 2 damage, and have 1/75 hp.
Unknown command.
You miss the killer bee.
You die...

####..#.###!....# #
#........>......... #..#
#.......y.y###. #..#
#....####... .# #..# ###..#
.... . #..# #..##..... #).#
#.......^< #..#####y###.....
#.....##@###.#...
##.##........# .#
#.#####.######.# #.##
#......#.# #..# ######.#.#
###########.## ###.#.#
.............######.....#####.
###########..##..........)....
#####..#.###....#######.


You could see a killer bee.

Vanquished Creatures
  3 killer bees (D:4)
  2 bullfrog skeletons (D:4)
  Ijyb (D:3)
  Terence (D:3)
  An iguana (D:3)
  3 worker ants (D:4)
  5 adders
  4 worms
  3 dart slugs
  5 leopard geckos
  6 orcs
  A ball python (D:2)
  5 bats (D:3)
  4 giant cockroaches
  6 goblins (D:3)
  9 hobgoblins
  5 kobolds
  A quokka (D:2)
  2 frilled lizards (D:2)
  3 rats
70 creatures vanquished.

Notes
Turn   | Place    | Note
-------+----------+-------------------------------------------
     0 | D:1      | Firecrotchwizard the Ogre Berserker began the quest for the
                  | Orb.
     0 | D:1      | Reached XP level 1. HP: 24/24 MP: 1/1
   378 | D:1      | Reached XP level 2. HP: 14/32 MP: 2/2
   379 | D:1      | Reached skill level 3 in Maces & Flails
   876 | D:2      | HP: 8/32 [adder (3)]
   878 | D:2      | Reached skill level 3 in Dodging
   878 | D:2      | Reached XP level 3. HP: 7/40 MP: 3/3
   881 | D:2      | HP: 5/40 [poisoned by an adder]
   888 | D:1      | HP: 4/40 [poisoned by an adder]
  1359 | D:2      | Found a shadowy altar of Dithmenos.
  1568 | D:2      | HP: 9/40 [quokka (3)]
  1573 | D:2      | Reached ** piety under Trog
  1573 | D:2      | Reached XP level 4. HP: 12/49 MP: 4/4
  1573 | D:2      | HP: 12/73 [poisoned by an adder]
  1579 | D:2      | HP: 5/49 [poisoned by an adder]
  1586 | D:2      | HP: 11/49 [poisoned by an adder]
  1591 | D:2      | HP: 10/49 [poisoned by an adder]
  1905 | D:2      | Found a burning altar of Makhleb.
  2003 | D:3      | Noticed Terence
  2022 | D:3      | Killed Terence
  2391 | D:3      | Reached skill level 4 in Maces & Flails
  2443 | D:3      | Reached skill level 5 in Fighting
  2443 | D:3      | Reached XP level 5. HP: 32/57 MP: 5/5
  2778 | D:3      | Noticed Ijyb
  2783 | D:3      | Killed Ijyb
  3721 | D:4      | HP: 12/57 [worker ant (8)]
  3722 | D:4      | HP: 4/57 [worker ant (7)]
  3725 | D:4      | Reached XP level 6. HP: 3/66 MP: 6/6
  3727 | D:4      | HP: 2/99 [poisoned by a worker ant]
  3732 | D:4      | HP: 16/66 [poisoned by a worker ant]
  3737 | D:4      | HP: 15/66 [poisoned by a worker ant]
  3744 | D:4      | HP: 14/66 [poisoned by a worker ant]
  3793 | D:4      | Noticed a phantom
  3807 | D:4      | HP: 14/66 [bullfrog skeleton (4)]
  3812 | D:4      | HP: 7/66 [killer bee (6)]
  3817 | D:4      | HP: 22/99 [killer bee (4)]
  3822 | D:4      | HP: 10/67 [poisoned by a killer bee]
  3827 | D:4      | HP: 5/67 [poisoned by a killer bee]
  3832 | D:4      | HP: 3/67 [poisoned by a killer bee]
  3839 | D:4      | HP: 2/67 [poisoned by a killer bee]
  4178 | D:4      | Reached skill level 5 in Maces & Flails
  4178 | D:4      | Reached skill level 4 in Dodging
  4375 | D:4      | Found Pagam's Antique Armour Boutique.
  4400 | D:4      | Bought a glowing robe for 77 gold pieces
  4400 | D:4      | Bought a glowing robe for 77 gold pieces
  4642 | D:4      | Reached skill level 6 in Fighting
  4648 | D:4      | Reached XP level 7. HP: 47/75 MP: 7/7
  4649 | D:4      | HP: 18/75 [killer bee (3)]
  4650 | D:4      | HP: 3/75 [killer bee (7)]
  4651 | D:4      | HP: 1/75 [poisoned by a killer bee]
  4652 | D:4      | Succumbed to a killer bee's poison

Levels and vault maps discovered:
D:1:      psy_arrival_terrarium, layout_loops_ring
D:2:      layout_rooms, nicolae_dithmenos_through_a_glass_darkly,
          lightli_temple_of_fire
D:3:      layout_loops_ring, first_ration, uniq_ijyb, uniq_terence
D:4:      layout_loops_ring, gammafunk_temple_overflow_wave, serial_shops,
          shop_statue, chequers_serial_rivers_small_a

Skill      XL: |  1  2  3  4  5  6 |
---------------+-------------------+-----
Maces & Flails | 3 4 5 |  5.4
Dodging        | 3 4 |  4.2
Fighting       | 5 6 |  6.1

Action                   |  1- 3 |  4- 6 |  7- 9 || total
-------------------------+-------+-------+-------++-------
Melee: Mace              |    97 |    41 |       ||   138
       Flail             |       |   151 |     4 ||   155
Invok: Berserk           |     1 |     4 |       ||     5
       Trog's Hand       |       |     1 |       ||     1
  Use: Potion            |       |     3 |       ||     3
 Stab: Sleeping          |     2 |       |       ||     2
  Eat: Chunk             |     2 |    14 |       ||    16
Armor: Animal skin       |    37 |    27 |       ||    64
       Robe              |       |     7 |       ||     7
Dodge: Dodged            |    66 |   138 |     6 ||   210

Table legend:
 A = Non-vault XP
 B = Vault XP
 C = Vault XP percentage of total XP
 D = Non-vault monster count
 E = Vault monster count
 F = Vault count percentage of total count
                 A         B        C        D         E       F
            +---------+---------+-------+---------+---------+-------
      Total |     593 |      72 |  10.8 |      68 |       2 |   2.9
            +---------+---------+-------+---------+---------+-------
        D:1 |      19 |       0 |   0.0 |       9 |       0 |   0.0
        D:2 |      73 |       0 |   0.0 |      18 |       0 |   0.0
        D:3 |     106 |      72 |  40.4 |      27 |       2 |   6.9
        D:4 |     395 |       0 |   0.0 |      14 |       0 |   0.0
            +---------+---------+-------+---------+---------+-------

Levels and vault maps discovered:
D:1:      psy_arrival_terrarium, layout_loops_ring
D:2:      layout_rooms, nicolae_dithmenos_through_a_glass_darkly,
          lightli_temple_of_fire
D:3:      layout_loops_ring, first_ration, uniq_ijyb, uniq_terence
D:4:      layout_loops_ring, gammafunk_temple_overflow_wave, serial_shops,
          shop_statue, chequers_serial_rivers_small_a

Table legend:
 A = Turns spent in this place as a percentage of turns spent in the entire game.
 B = Non-inter-level travel turns spent in this place as a percentage of non-inter-level travel turns spent in the entire game.
 C = Inter-level travel turns spent in this place as a percentage of turns spent in this place.
 D = Turns resting spent in this place as a percentage of non-inter-level travel turns spent in this place.
 E = Turns spent auto-exploring this place as a percentage of non-inter-level travel turns spent in this place.
 F = Non-inter-level travel turns spent in this place divided by the number of levels of this place that you've seen.
                   A       B       C       D       E      F
               +-------+-------+-------+-------+-------+----------------------
         Total | 100.0 | 100.0 |   3.5 |  51.0 |  31.4 | 1122.2
       Dungeon | 100.0 | 100.0 |   3.5 |  51.0 |  31.4 | 1122.2
               +-------+-------+-------+-------+-------+----------------------

Table legend:
 A = Kills in this place as a percentage of kills in entire the game.
 B = Kills by you in this place as a percentage of kills by you in the entire game.
 C = Kills by friends in this place as a percentage of kills by friends in the entire game.
 D = Other kills in this place as a percentage of other kills in the entire game.
 E = Experience gained in this place as a percentage of experience gained in the entire game.
 F = Experience gained in this place divided by the number of levels of this place that you have seen.
                   A       B       C       D       E      F
               +-------+-------+-------+-------+-------+----------------------
         Total | 100.0 | 100.0 |   N/A |   N/A | 100.0 | 166.2
       Dungeon | 100.0 | 100.0 |   N/A |   N/A | 100.0 | 166.2
               +-------+-------+-------+-------+-------+----------------------
